 Dungeon Crawl Stone Soup version 0.17-a0-1368-g6ab37f2 (webtiles) character file.

6769 TheArzonite the Cleaver (level 10, 90/91 HPs)
             Began as a Minotaur Berserker on June 12, 2015.
             Was a High Priest of Trog.
             Starved to death
             ... on level 10 of the Dungeon.
             The game lasted 01:50:08 (11441 turns).

TheArzonite the Cleaver (Minotaur Berserker)       Turns: 11441, Time: 01:50:08

Health: 90/91      AC: 16    Str: 28    XL:     10   Next: 76%
Magic:  9/9        EV: 14    Int:  4    God:    Trog [*****.]
Gold:   362        SH:  0    Dex: 11    Spells: 0 memorised, 9 levels left

rFire  . . .     SeeInvis .     O - +0 war axe
rCold  . . .     Clarity  .     P - +4 scale mail of Autumn {Str+2}
rNeg   . . .     SustAt   .     (no shield)
rPois  +         Gourm    .     (helmet restricted)
rElec  .         Spirit   .     H - +1 cloak {rPois}
rCorr  .         Warding  .     (no gloves)
rMut   .         Stasis   .     J - +0 pair of boots
MR     .....                    x - amulet of regeneration
Stlth  ..........               (no ring)
                                V - +2 ring of strength

@: starving, not resistant to hostile enchantments, extremely unstealthy
A: retaliatory headbutt, horns 2
a: Burn Spellbooks, Berserk, Trog's Hand, Brothers in Arms, Renounce Religion


You were on level 10 of the Dungeon.
You worshipped Trog.
Trog was extremely pleased with you.
You were starving.

You visited 2 branches of the dungeon, and saw 11 of its levels.

You collected 661 gold pieces.
You spent 299 gold pieces at shops.

Inventory:

Hand weapons
 O - a +0 war axe (weapon)
Missiles
 k - 325 stones (quivered)
 z - 18 poisoned arrows
 I - 177 arrows
Armour
 E - a +0 scale mail of cold resistance
 H - a +1 cloak of poison resistance (worn)
 J - a +0 pair of boots (worn)
 L - a +1 chain mail
 P - the +4 scale mail of Autumn (worn) {Str+2}
   (You found it on level 5 of the Dungeon)

   It affects your strength (+2).
Jewellery
 x - an amulet of regeneration (around neck)
 V - a +2 ring of strength (left hand)
 W - an uncursed amulet of warding
Magical devices
 n - a wand of slowing (30)
 r - a wand of cold (10)
 w - a wand of magic darts (25)
Scrolls
 a - 4 scrolls of magic mapping
 c - 2 scrolls of amnesia {unknown}
 d - 2 scrolls of remove curse
 e - a scroll of identify
 h - 2 scrolls of noise {unknown}
 j - 2 scrolls of immolation {unknown}
 l - 5 scrolls of teleportation
 t - a scroll of fog {unknown}
 v - 2 scrolls of blinking {unknown}
 y - 2 scrolls of enchant weapon {unknown}
 B - 3 scrolls of enchant armour
 F - a scroll of fear
 G - 4 scrolls of random uselessness {unknown}
 T - a scroll of holy word
 Z - a scroll of summoning {unknown}
Potions
 f - a potion of cancellation {unknown}
 m - 3 potions of flight
 C - a potion of invisibility {unknown}
 D - a potion of ambrosia {unknown}
 M - a potion of mutation {unknown}
 N - 2 potions of curing
 S - a potion of degeneration {unknown}
 X - 2 potions of lignification {unknown}
Comestibles
 b - a chunk of flesh
 g - 25 fruits
 i - 4 beef jerkies
 p - 7 meat rations
 u - 8 bread rations
 R - a slice of pizza


   Skills:
 + Level 9.2 Fighting
   Level 1.4 Long Blades
 + Level 11.0 Axes
 + Level 10.7 Armour
 + Level 8.8 Dodging
 + Level 1.8 Stealth
 + Level 0.3 Evocations


You had 9 spell levels left.
You didn't know any spells.

Dungeon Overview and Level Annotations

Branches:
Dungeon (10/15)            Temple (1/1) D:6
   Lair: D:8-11         Orc: D:9-12

Altars:
Ashenzari
Cheibriados
Dithmenos
Elyvilon
Fedhas
Gozag
Kikubaaqudgha
Makhleb
Nemelex Xobeh
Okawaru
Qazlal
Ru
Trog
Vehumet
Xom
Yredelemnul
Zin
The Shining One

Shops:
D:4 (   D:8 ?   D:9 =*


Innate Abilities, Weirdness & Mutations

You reflexively headbutt those who attack you in melee.
You have a pair of horns on your head.


Message History

You can move again. 2 orcs come into view.
The orc shouts! x2
The orc hits you. The orc hits you but does no damage. x2
You slash the orc!
You kill the orc!
Trog accepts your kill.
You hit the orc.
The orc is moderately wounded.
The orc hits you. The orc hits you. The orc misses you.
The orc hits you but does no damage. The orc barely misses you.
The orc closely misses you. The orc closely misses you.
You furiously retaliate!
You headbutt the orc, but do no damage.
You have starved to death.
You die...

...#####.........# #......
...#...#########.# #......
...#...........#.# #......
...+...........#.# #......
...#...........#.# #######
...'...........#.# #......
...#######'#####.# #......
.................##########......
........###'##..@................
........#....#...o...............
........#....#.......#+###.......
........#....#.......# #.......
........##'###)......# #.......
..............<......# #.......
........<..........).#####.......
......####'#.....................
...####....#.......######'###....


You could see an orc.

Vanquished Creatures
  A centaur warrior (D:10)
  2 trolls
  A shadow (D:10)
  A deep elf mage (D:9)
  3 yaks
  3 water moccasins (D:9)
  An eye of draining (D:9)
  7 ogres
  4 sky beasts
  3 ice beasts
  A phantom (D:6)
  A black bear (D:7)
  An orc warrior (D:10)
  5 centaurs
  7 giant frogs
  3 big kobolds
  5 scorpions
  10 wights
  3 centaur skeletons
  3 crimson imps
  2 orc priests (D:4)
  A gnoll shaman (D:6)
  A giant frog zombie (D:5)
  3 giant frog skeletons
  4 hounds
  4 orc wizards (D:6)
  10 worker ants
  3 iguanas
  A hound zombie (D:9)
  A worker ant zombie (D:8)
  Robin (D:2)
  14 adders
  5 gnolls (D:6)
  3 shadow imps
  2 oozes
  2 adder skeletons
  A worm (D:3)
  3 giant geckos
  24 orcs
  A bat skeleton (D:8)
  6 giant cockroaches
  15 goblins
  14 hobgoblins
  24 kobolds
  4 quokkas
  2 ball pythons
  14 bats
  4 giant newts
  18 jackals
  A jackal skeleton (D:4)
  20 rats
273 creatures vanquished.

Notes
Turn   | Place    | Note
--------------------------------------------------------------
     0 | D:1      | TheArzonite the Minotaur Berserker began the quest for the Orb.
     0 | D:1      | Reached XP level 1. HP: 19/19 MP: 0/0
   375 | D:1      | Reached XP level 2. HP: 17/27 MP: 1/1
   925 | D:1      | Reached skill level 4 in Fighting
  1402 | D:2      | Found a radiant altar of Vehumet.
  1600 | D:2      | Found a white marble altar of Elyvilon.
  1626 | D:2      | Acquired Trog's second power
  1638 | D:2      | Found a faded altar to an unknown god.
  1640 | D:2      | Noticed Robin
  1655 | D:2      | Reached XP level 3. HP: 24/33 MP: 2/2
  1670 | D:2      | Killed Robin
  2298 | D:2      | Reached XP level 4. HP: 41/41 MP: 3/3
  3004 | D:3      | Reached XP level 5. HP: 43/47 MP: 4/4
  3299 | D:4      | Found a glowing drain.
  3377 | D:4      | Found an opulent altar of Gozag.
  3665 | D:4      | Reached skill level 5 in Fighting
  3704 | D:4      | Found Nogosyem's Weapon Emporium.
  3707 | D:4      | Reached XP level 6. HP: 56/56 MP: 5/5
  3841 | D:4      | Reached skill level 5 in Axes
  4250 | D:4      | Noticed an ogre
  4263 | D:4      | Killed an ogre
  4263 | D:4      | Reached skill level 5 in Armour
  4383 | D:4      | Reached XP level 7. HP: 49/61 MP: 6/6
  4565 | D:5      | Entered Level 5 of the Dungeon
  4582 | D:5      | Found an ancient bone altar of Kikubaaqudgha.
  4690 | D:5      | Reached skill level 6 in Armour
  4690 | D:5      | Reached skill level 5 in Dodging
  4715 | D:5      | Acquired Trog's third power
  5424 | D:5      | Reached skill level 1 in Long Blades
  5836 | D:5      | Found a shattered altar of Ashenzari.
  5965 | D:5      | Got a steaming scale mail
  5977 | D:5      | Identified the +4 scale mail of Autumn {Str+2} (You found it on level 5 of the Dungeon)
  6118 | D:6      | Found a burning altar of Makhleb.
  6121 | D:6      | Found a glowing silver altar of Zin.
  6122 | D:6      | Noticed a balrug
  6122 | D:6      | Noticed an angel
  6175 | D:6      | Reached XP level 8. HP: 68/70 MP: 7/7
  6178 | D:6      | Reached skill level 7 in Armour
  6273 | D:6      | Identified the Papyrus of Snow and Confrontation
  6578 | D:6      | Found a snail-covered altar of Cheibriados.
  6977 | D:6      | Found a staircase to the Ecumenical Temple.
  6997 | Temple   | Entered the Ecumenical Temple
  7245 | D:7      | Reached skill level 8 in Armour
  7497 | D:7      | Found a shadowy altar of Dithmenos.
  7497 | D:7      | Found a basalt altar of Yredelemnul.
  7567 | D:7      | Reached skill level 1 in Stealth
  7947 | D:7      | Reached XP level 9. HP: 78/78 MP: 8/8
  8472 | D:8      | Reached skill level 9 in Armour
  8880 | D:8      | Received a gift from Trog
  8992 | D:8      | Found Mipykk's Magic Scroll Emporium.
  9001 | D:8      | Bought a scroll of teleportation for 45 gold pieces
  9001 | D:8      | Bought a scroll of identify for 30 gold pieces
  9001 | D:8      | Bought a scroll of holy word for 112 gold pieces
  9081 | D:8      | Found a burning altar of Makhleb.
  9426 | D:9      | Found Qetexuguf's Serpentskin Sales.
  9630 | D:9      | Reached XP level 10. HP: 69/88 MP: 9/9
  9651 | D:9      | Found Meoz's Jewellery Shop.
  9656 | D:9      | Bought a +2 ring of strength for 112 gold pieces
 10193 | D:10     | Entered Level 10 of the Dungeon
 10206 | D:10     | Reached skill level 10 in Axes
 10212 | D:9      | Reached skill level 10 in Armour
 10560 | D:10     | Noticed a centaur warrior
 10574 | D:10     | Killed a centaur warrior
 10816 | D:10     | Received a gift from Trog
 11358 | D:10     | Reached skill level 11 in Axes
 11441 | D:10     | Starved to death

Vault maps used:
D:1:      dpeg_arrival_oval
D:2:      vehumet_crystals, lemuel_crystal_altar, ecumenical_altar_2, uniq_robin
D:3:      kennysheep_cross_room
D:4:      grunt_gozag_statues, gup_sewer_entry_glass, serial_shops, shop
D:5:      lemuel_round_altar, kiku_gazebo_garden_becter, first_bread
D:6:      grunt_temple_overflow_order_and_chaos_2, cheibriados_altar_1,
          minmay_temple_entry_poolview, kennysheep_generic_room_13
D:7:      kennysheep_six_static_rooms, gammafunk_temple_overflow_elements,
          lemuel_blue_sif_altar
D:8:      serial_shops, shop, blue_anna_alchemist, makhleb_heckhound_becter
D:9:      serial_shops, kennysheep_little_box, st_stairs_4, guppyfry_shop_venom
D:10:     dk_vineyard_1
Temple:   nicolae_temple_no_exploring_needed

Action                   |  1- 3 |  4- 6 |  7- 9 | 10-12 || total
-------------------------+-------+-------+-------+-------++-------
Melee: Hand axe          |    74 |   170 |       |       ||   244
       Falchion          |       |       |    55 |       ||    55
       War axe           |       |       |   325 |   139 ||   464
Throw: Stone             |     3 |       |       |       ||     3
Invok: Berserk           |       |       |     1 |       ||     1
Evoke: Wand              |       |       |     1 |     1 ||     2
  Use: Scroll            |     2 |       |    11 |     1 ||    14
       Potion            |       |       |     2 |       ||     2
  Eat: Bread ration      |     1 |     1 |       |       ||     2
       Beef jerky        |       |     1 |     2 |       ||     3
       Fruit             |       |     2 |     9 |     2 ||    13
       Chunk             |       |       |    11 |     2 ||    13
